 Dungeon Crawl Stone Soup version 0.30-a0-718-geaa24f58ff (webtiles) character file.

Game seed: 6121251146587235719

44 Alitron123 the Covert (level 3, 0/19 HPs)
             Began as a Spriggan Delver on Jan 25, 2023.
             Succumbed to an adder's poison
             ... on level 6 of the Dungeon.
             The game lasted 00:01:09 (228 turns).

Alitron123 the Covert (Spriggan Delver)              Turns: 228, Time: 00:01:10

Health: 0/19       AC:  2    Str:  8    XL:     3   Next: 41%
Magic:  4/4        EV: 18    Int: 11    God:
Gold:   34         SH:  0    Dex: 18    Spells: 2/2 levels left

rFire   . . .      SeeInvis +    a - +0 short sword
rCold   . . .      Faith    .    (no shield)
rNeg    . . .      Spirit   .    b - +0 robe
rPois   .          Reflect  .    (helmet restricted)
rElec   .          Harm     .    (no cloak)
rCorr   .          Rampage  .    (gloves unavailable)
Will    .....                    (boots unavailable)
Stlth   ++++                     (no amulet)
HPRegen 0.23/turn                (no ring)
MPRegen 0.09/turn                (no ring)

@: lethally poisoned (0 -> -2), very quick
A: very small, no large weapons, unfitting armour, see invisible, speed 3
a: no special abilities


You were on level 6 of the Dungeon.
You visited 1 branch of the dungeon, and saw 2 of its levels.

You collected 34 gold pieces.

Inventory:

Hand Weapons
 a - a +0 short sword (weapon)
Armour
 b - a +0 robe (worn)
Wands
 g - a wand of digging (3)
Scrolls
 d - a scroll of magic mapping
Potions
 f - a potion of haste


   Skills:
 + Level 2.6 Fighting
 + Level 2.3 Short Blades
 + Level 2.8 Dodging
 + Level 8.6 Stealth


You had 2 spell levels left.
You didn't know any spells.
Your spell library was empty.

Dungeon Overview and Level Annotations

Branches:
Dungeon (6/15)
 Temple: D:4-7

Altars:


Innate Abilities, Weirdness & Mutations

You are very small and have problems with some larger weapons.
You are too small for most types of armour.
You have supernaturally acute eyesight. (SInv)
You cover ground extremely quickly. (Speed+++)


Message History

The orc is heavily wounded.
The orc hits you but does no damage.
You hit the orc.
You kill the orc!
The adder barely misses you.
You miss the adder. The adder closely misses you.
You hit the adder but do no damage. The adder bites you.
You are poisoned.
The adder poisons you!
A hound comes into view.
The hound barks!
You hit the adder but do no damage.
You feel sick. The adder barely misses you.
You barely miss the adder.
You feel sick. The adder bites you.
You are more poisoned.
The adder poisons you! The adder completely misses you.
You are too injured to fight recklessly!
You are too injured to fight recklessly!
Aiming: Dig
Press: ? - help, Shift-Dir - straight line, f - you Please select a direction to dig.
Okay, then.
You closely miss the adder.
You feel sick. The adder bites you.
* * * LOW HITPOINT WARNING * * *
You miss the adder. You punch the adder.
The adder is moderately wounded.
* * * LOW HITPOINT WARNING * * *
You feel sick. The adder bites you.
* * * LOW HITPOINT WARNING * * *
Unknown command.
As you read the scroll of fog, it crumbles to dust.
The scroll dissolves into smoke.
* * * LOW HITPOINT WARNING * * *
You feel sick. The adder misses you. The hound bites you.
* * * LOW HITPOINT WARNING * * *
You hit the hound.
The hound is lightly wounded.
The adder closely misses you. The hound bites you but does no damage.
You hit the hound.
The hound is moderately wounded.
You die...

#. #. #.##.# ###
#.##. #.##.###..
#.##. #........#
##....####...#####
#...##.......#
#.#.#..###.#.#
#§#§..## #.#.#
##h§§..# #.#.#
#§@##.## #.#.#
#§S##.# #.#.#
#§§##). #.#.#
..####.# #.#.# #.#
.# #.# .. .# #.#.#
#.. .. #.#.# ##.
#. #.#.# #..#.#.#
#


You could see a hound and an adder.

Vanquished Creatures
  An iguana (D:6)
  An adder (D:6)
  A shadow imp (D:6)
  An orc (D:6)
4 creatures vanquished.

Notes
Turn   | Place    | Note
-------+----------+-------------------------------------------
     0 | D:5      | Alitron123 the Spriggan Delver began the quest for the Orb.
     0 | D:5      | Reached XP level 1. HP: 11/11 MP: 2/2
    27 | D:5      | Noticed an ogre
    58 | D:6      | Reached XP level 2. HP: 16/16 MP: 3/3
   103 | D:6      | Reached skill level 8 in Stealth
   103 | D:6      | Reached XP level 3. HP: 19/19 MP: 4/4
   228 | D:6      | Succumbed to an adder's poison

Illustrated notes

Levels and vault maps discovered:
D:5:      layout_cave_pools, nicolae_grassy_gnolls
D:6:      layout_rooms, mainiacjoe_overflow_swirl, cheibrodos_sewer_entry_drain,
          sigmund_army

Skill      XL: |  1  2 |
---------------+-------+-----
Stealth        | 8 |  8.6
Fighting       | |  2.6
Short Blades   | |  2.3
Dodging        | |  2.8

Action                     || total
---------------------------++-------
  Melee: Short sword       ||    27
         Punch             ||     1
    Use: Scroll            ||     2
   Stab: Sleeping          ||     2
 Armour: Robe              ||     2
  Dodge: Dodged            ||    12

Table legend: (Time is in decaauts)
 A = Elapsed time spent in this place.
 B = Non-inter-level travel time spent in this place.
 C = Inter-level travel time spent in this place.
 D = Time resting spent in this place.
 E = Time spent auto-exploring this place.
 F = Levels seen in this place.
 G = Mean time per level.
                   A        B        C        D        E       F      G
               +--------+--------+--------+--------+--------+-----+--------+
         Total |    157 |    157 |      0 |      0 |     79 |   2 |   78.5 |
       Dungeon |    157 |    157 |      0 |      0 |     79 |   2 |   78.5 |
               +--------+--------+--------+--------+--------+-----+--------+

Top non-repeatable levels by time:
     D:6: 123 daAuts
     D:5: 34 daAuts
